 Dungeon Crawl Stone Soup version 0.31-a0-690-g7ce4588941 (webtiles) character file.

Game seed: 4732288720388464542

126 Conn the Sneak (level 5, -5/31 HPs)
             Began as an Octopode Fire Elementalist on Sept 6, 2023.
             Splashed by a jelly's acid (10 damage)
             ... on level 5 of the Dungeon.
             The game lasted 00:03:30 (2264 turns).

Conn the Sneak (Octopode Fire Elementalist)         Turns: 2264, Time: 00:03:31

Health: -5/31      AC: -1    Str:  8    XL:     5   Next: 10%
Magic:  9/9        EV: 13    Int: 19    God:
Gold:   120        SH:  0    Dex: 12    Spells: 6/9 levels left

rFire   . . .        (no weapon)
rCold   . . .        (no shield)
rNeg    . . .        h - +2 hat
rPois   .            (no amulet)
rElec   .            (no ring)
rCorr   .            (no ring)
SInv    .            (no ring)
Will    .....        (no ring)
Stlth   +++          (no ring)
HPRegen 0.25/turn    (no ring)
MPRegen 0.11/turn    (no ring)
                     (no ring)

%: no passive effects
@: weak-willed, corroded
A: almost no armour, amphibious, 8 rings, camouflage 1, gelatinous body 1,
(nimble swimmer 1), tentacles
a: no special abilities


You were on level 5 of the Dungeon.
You visited 1 branch of the dungeon, and saw 5 of its levels.

You collected 120 gold pieces.

Inventory:

Armour
 h - a +2 hat (worn)
Scrolls
 b - a scroll of blinking {unknown}
 d - 2 scrolls of revelation {unknown}
 f - a scroll of vulnerability
 g - 3 scrolls of identify {unknown}
 i - a scroll of poison {unknown}
 j - a scroll of enchant weapon {unknown}
Potions
 a - a potion of magic
 c - 2 potions of curing {unknown}
 e - 2 potions of heal wounds {unknown}


   Skills:
 + Level 2.7 Dodging
 + Level 3.9 Stealth
 * Level 2.8 Spellcasting
 * Level 2.3 Conjurations
 + Level 3.5 Fire Magic


You had 6 spell levels left.
You knew the following spells:

 Your Spells              Type           Power      Damage    Failure   Level
a - Foxfire               Conj/Fire      52%        2x1d6     4%          1
b - Scorch                Fire           32%        2d6       5%          2

Your spell library contained the following spells:

 Spells                   Type           Power      Damage    Failure   Level
 Inner Flame              Hex/Fire       9%         N/A       22%         3
 Volatile Blastmotes      Fire/Tloc      18%        2d11      22%         3
 Flame Wave               Conj/Fire      13%        2d6       43%         4


Dungeon Overview and Level Annotations

Branches:
Dungeon (5/15)
 Temple: D:4-7

Altars:

Shops:
D:1 (   D:4 [

Annotations:
D:3 Robin


Innate Abilities, Weirdness & Mutations

You cannot wear most types of armour.
You are amphibious.
You can wear up to eight rings at the same time.
Your skin changes colour to match your surroundings (Stealth+).
Your rubbery body absorbs attacks. (AC +1, EV +1)
((You are camouflaged when in or above water. (Stealth+)))
You have tentacles for arms and can constrict up to eight enemies at once.


Message History

Okay, then.
A lemure comes into view.
You see here 3 boomerangs.
Casting: Foxfire (safe; 4% risk of failure)
Confirm with . or Enter, or press ? or * to list all spells.
Okay, then.
Unknown command.
Casting: Foxfire (safe; 4% risk of failure)
Confirm with . or Enter, or press ? or * to list all spells.
You conjure some foxfire!
Unknown command.
Your foxfire dissipates!
The foxfire hits the lemure but does no damage.
There is a stone staircase leading down here.
You climb downwards.
The gnoll shouts!
The jelly quivers.
The orc priest shouts!
The orc shouts!
The gnoll sergeant shouts!
The gnoll shouts! x2; The orc wizard shouts!
Found a fizzy silvery potion, a rapier and 14 gold pieces.
There is a stone staircase leading up here.
Unknown command.
Unknown command.
Okay, then.
Unknown command.
Unknown command.
Unknown command.
Okay, then.
As you read the scroll labelled HADIREKHLIRRA, it crumbles to dust.
Magic quickly surges around you.
It was a scroll of vulnerability.
The orc priest hits you with a +0 war axe!
The gnoll hits you with a +0 halberd.
The gnoll sergeant hits you from afar with a +0 trident!
* * * LOW HITPOINT WARNING * * *
The orc hits you with a +0 club.
* * * LOW HITPOINT WARNING * * *
The jelly hits you.
* * * LOW HITPOINT WARNING * * *
The acid corrodes you!
You are splashed with acid!
You die...

#...# # ...# .#
...###. #
##.⌠o.. ##
#.###.....##...
.....⌠..o⌠.....
......o....#
#......@g..#
#..#.!.oJ...#
#.⌠.g.g..#
##...gg..#
...⌠.#)##
......#.#
#......# #
#...$...


You could see a gnoll sergeant (weak-willed), a jelly (weak-willed), an orc
priest (weak-willed), an orc wizard (weak-willed), 4 gnolls and 2 orcs.

Vanquished Creatures
  Jessica (D:2)
  An orc wizard (D:3)
  2 adders (D:2)
  A worm (D:2)
  2 dart slugs (D:1)
  3 orcs (D:3)
  6 ball pythons
  5 endoplasms (D:1)
  2 giant cockroaches
  A goblin (D:4)
  7 hobgoblins
  4 jackals (D:4)
  A quokka (D:1)
  4 bats
  4 kobolds
  3 rats
47 creatures vanquished.

Vanquished Creatures (others)
  159 foxfires
159 creatures vanquished.

Grand Total: 206 creatures vanquished

Notes
Turn   | Place    | Note
-------+----------+-------------------------------------------
     0 | D:1      | Conn the Octopode Fire Elementalist began the quest for the
                  | Orb.
     0 | D:1      | Reached XP level 1. HP: 11/11 MP: 3/3
   343 | D:1      | Reached XP level 2. HP: 17/17 MP: 1/5
   454 | D:1      | Learned a level 2 spell: Scorch
   543 | D:1      | Found Lesepeh's Antique Weapon Shop.
   848 | D:1      | Reached XP level 3. HP: 21/21 MP: 3/6
  1142 | D:2      | Found a faded altar of an unknown god.
  1145 | D:2      | Noticed Jessica
  1155 | D:2      | Killed Jessica
  1245 | D:2      | Reached XP level 4. HP: 27/27 MP: 3/7
  1899 | D:3      | Reached XP level 5. HP: 31/31 MP: 1/9
  1982 | D:3      | Noticed Robin
  2247 | D:4      | Found Hakibboh's Armour Emporium.
  2247 | D:4      | Noticed a lemure
  2247 | D:4      | Noticed a lemure
  2250 | D:4      | Noticed a lemure
  2263 | D:5      | Entered Level 5 of the Dungeon
  2264 | D:5      | Splashed by a jelly's acid

Illustrated notes

Levels and vault maps discovered:
D:1:      dpeg_arrival_prison, layout_basic, serial_shops, shop
D:2:      layout_rooms, shapermc_ecumenical_altar_starsandcircs,
          minmay_surrounded, uniq_jessica
D:3:      layout_basic, uniq_robin, uniq_grinder, uniq_crazy_yiuf_cottage
D:4:      layout_loops_ring, amcnicky_mini_corridor_feature,
          minmay_shop_grid_forest, nicolae_twisty_statue_hallways, uniq_pikel
D:5:      layout_rooms, nicolae_tso_besieged_by_evil,
          lemuel_zombie_altar_yredelemnul, grunt_ministairs_2, uniq_eustachio

Skill      XL: |  1  2  3  4 |
---------------+-------------+-----
Stealth        | 3 |  3.9
Conjurations   | 2 |  2.3
Dodging        | |  2.7
Spellcasting   | |  2.8
Fire Magic     | |  3.5

Action                     |  1- 3 |  4- 6 || total
---------------------------+-------+-------++-------
  Melee: Unarmed           |     7 |    10 ||    17
         Constrict         |     3 |     5 ||     8
         Tentacles         |     3 |     3 ||     6
         Punch             |       |     1 ||     1
   Cast: Foxfire           |    48 |    44 ||    92
         Scorch            |       |     3 ||     3
    Use: Scroll            |       |     1 ||     1
 Armour: Skin              |     6 |    10 ||    16
  Dodge: Dodged            |     6 |    13 ||    19

Table legend: (Time is in decaauts)
 A = Elapsed time spent in this place.
 B = Non-inter-level travel time spent in this place.
 C = Inter-level travel time spent in this place.
 D = Time resting spent in this place.
 E = Time spent auto-exploring this place.
 F = Levels seen in this place.
 G = Mean time per level.
                   A        B        C        D        E       F      G
               +--------+--------+--------+--------+--------+-----+--------+
         Total |   2263 |   2237 |     26 |     50 |   1776 |   5 |  452.6 |
       Dungeon |   2263 |   2237 |     26 |     50 |   1776 |   5 |  452.6 |
               +--------+--------+--------+--------+--------+-----+--------+

Top non-repeatable levels by time:
     D:1: 1141 daAuts
     D:2: 745 daAuts
     D:4: 277 daAuts
     D:3: 97 daAuts
     D:5: 0 daAuts
